 Dungeon Crawl Stone Soup version 0.31-a0-1612-g4aaf141004 (webtiles) character file.

Game seed: 11649089792322517145

7 ytrimaz the Grave Robber (level 1, 13/13 HPs)
             Began as a Demonspawn Necromancer on Jan 10, 2024.
             Quit the game on level 1 of the Dungeon.
             The game lasted 00:00:17 (106 turns).

ytrimaz the Grave Robber (Demonspawn Necromancer)    Turns: 106, Time: 00:00:17

Health: 13/13      AC:  2    Str:  8    XL:     1   Next: 91%
Magic:  1/3        EV: 12    Int: 15    God:
Gold:   36         SH:  0    Dex: 13    Spells: 3/4 levels left

rFire   . . .        (no weapon)
rCold   . . .        (no shield)
rNeg    . . .        a - +0 robe
rPois   .            (no helmet)
rElec   .            (no cloak)
rCorr   .            (no gloves)
SInv    .            (no boots)
Will    .....        (no amulet)
Stlth   ++           (no ring)
HPRegen 0.22/turn    (no ring)
MPRegen 0.08/turn

%: no passive effects
@: very slightly contaminated
A: no striking features
a: no special abilities


You were on level 1 of the Dungeon.
You visited 1 branch of the dungeon, and saw 1 of its levels.

You collected 36 gold pieces.


   Skills:
 + Level 2.0 Dodging
 - Level 1.7 Stealth
 + Level 2.1 Spellcasting
 + Level 4.5 Necromancy


You had 3 spell levels left.
You knew the following spells:

 Your Spells              Type           Power      Damage    Failure   Level
a - Necrotise             Necr           60%        1d7       3%          1

Your spell library contained the following spells:

 Spells                   Type           Power      Damage    Failure   Level
 Vampiric Draining        Necr           15%        2d7       10%         3
 Animate Dead             Necr           15%        N/A       32%         4
 Curse of Agony           Necr           15%        N/A       67%         5

Inventory:

Armour
 a - a +0 robe (worn)
Potions
 b - a potion of magic

Dungeon Overview and Level Annotations

Branches:
Dungeon (1/15) Zot: 5894

Altars:

####### #####.....
########## #........
#...##...## ##.......
#...##....# ........##
#...##....#
.......@.####...##....##
...........##...........
........................
..#######.........###...
. ##..............
##.#.#.....#...
###.#.....#.#.
#.#.....#.#.
##.........#.


There were no monsters in sight!


Message History

A hobgoblin is nearby!
A hobgoblin is nearby!
The hobgoblin shouts!
A dart slug comes into view.
The hobgoblin writhes in agony.
You kill the hobgoblin!
The dead are walking! 😎 MP[-1]
You lost 1 mp, and now have 2/3 mp.
You can't see any susceptible monsters within range! (Use Z to cast anyway.)
You can't see any susceptible monsters within range! (Use Z to cast anyway.)
A dart slug is nearby!
Unknown command.
A dart slug is nearby!
The dart slug writhes in agony. 😎 MP[-1]
You lost 1 mp, and now have 1/3 mp.
You can't see any susceptible monsters within range! (Use Z to cast anyway.)
You can't see any susceptible monsters within range! (Use Z to cast anyway.)
You swap places.
Unknown command.
A dart slug is nearby!
You hit the dart slug but do no damage. The dart slug bites you.
Your hobgoblin skeleton hits the dart slug. 😕 HP[-1]
You take 1 damage, and now have 12/13 hp.
The dart slug writhes in agony. 😕 MP[-1]
You lost 1 mp, and now have 0/3 mp.
You are out of magic!
Unknown command.
You hit the dart slug but do no damage.
Your hobgoblin skeleton hits the dart slug but does no damage.
The dart slug bites you.
A dart slug is nearby!
You don't have enough magic to cast this spell.
You hit the dart slug but do no damage.
Your hobgoblin skeleton hits the dart slug.
The dart slug bites your hobgoblin skeleton.
Unknown command.
You hit the dart slug.
Your hobgoblin skeleton hits the dart slug.
The dart slug dies!
Unknown command. 😎 HP[+1]
Your hp is fully restored (13).
Your hobgoblin skeleton crumbles into dust!
You now have 11 gold pieces.
A bat comes into view. 😎 MP[+3]
Your mp is fully restored (3).
Unknown command.
A bat is nearby!
A bat is nearby!
A bat is nearby!
The bat writhes in agony.
You kill the bat!
The dead are flying!
Your Dodging skill increases to level 2! 😎 MP[-1]
You lost 1 mp, and now have 2/3 mp.
You can't see any susceptible monsters within range! (Use Z to cast anyway.)
You can't see any susceptible monsters within range! (Use Z to cast anyway.)
A ball python comes into view. 😎 MP[+1]
Your mp is fully restored (3).
Unknown command.
A ball python is nearby!
A ball python is nearby!
You can't see any susceptible monsters within range! (Use Z to cast anyway.)
You can't see any susceptible monsters within range! (Use Z to cast anyway.) Unknown command.
Unknown command.
Your bat skeleton hits the ball python.
The ball python bites your bat skeleton.
The ball python grabs your bat skeleton.
The ball python constricts your bat skeleton.
Your bat skeleton hits the ball python.
The ball python dies!
You can't see any susceptible monsters within range! (Use Z to cast anyway.)
You can't see any susceptible monsters within range! (Use Z to cast anyway.) Unknown command.
You now have 22 gold pieces (gained 11).
Your bat skeleton crumbles into dust!
You now have 36 gold pieces (gained 14).
An endoplasm comes into view.
The endoplasm quivers.
An endoplasm is nearby!
Are you sure you want to abandon this character and quit the game? (Confirm with "yes".)
Okay, then.
You miscast Necrotise.
You are very lightly contaminated with residual magic.
Nothing appears to happen.
The endoplasm closely misses you. 😎 MP[-1]
You lost 1 mp, and now have 2/3 mp.
The endoplasm writhes in agony!
You kill the endoplasm! 😎 MP[-1]
You lost 1 mp, and now have 1/3 mp.
Are you sure you want to abandon this character and quit the game? (Confirm with "yes".)

Skill      XL: |  1 |
---------------+----+-----
Dodging        | 2 |  2.0
Stealth        | |  1.7
Spellcasting   | |  2.1
Necromancy     | |  4.5

Action                     || total
---------------------------++-------
  Melee: Unarmed           ||     4
   Cast: Necrotise         ||     5
 Armour: Robe              ||     2
  Dodge: Dodged            ||     1

Levels and vault maps discovered:
D:1:      erik_arrival_blinker_ship, layout_basic, chequers_decorated_corner,
          st_stairs_3, wander_ebering_terrifying_dragon_lair

Notes
Turn   | Place    | Note
-------+----------+-------------------------------------------
     0 | D:1      | ytrimaz the Demonspawn Necromancer began the quest for the
                  | Orb.
     0 | D:1      | Reached XP level 1. HP: 13/13 MP: 3/3
     0 | D:1      | magus.rc [v1.9.6]
    62 | D:1      | Reached skill level 2 in Dodging
   106 | D:1      | Quit the game

Vanquished Creatures
  A bat (D:1)
  An endoplasm (D:1)
  A hobgoblin (D:1)
3 creatures vanquished.

Vanquished Creatures (collateral kills)
  A dart slug (D:1)
  A ball python (D:1)
2 creatures vanquished.

Grand Total: 5 creatures vanquished

Table legend:
 A = Non-vault XP
 B = Vault XP
 C = Vault XP percentage of total XP
 D = Non-vault monster count
 E = Vault monster count
 F = Vault count percentage of total count
                 A         B        C        D         E       F
            +---------+---------+-------+---------+---------+-------
      Total |      11 |       0 |   0.0 |       5 |       0 |   0.0
            +---------+---------+-------+---------+---------+-------
        D:1 |      11 |       0 |   0.0 |       5 |       0 |   0.0
            +---------+---------+-------+---------+---------+-------

Skill      XL: |  1 |
---------------+----+-----
Dodging        | 2 |  2.0
Stealth        | |  1.7
Spellcasting   | |  2.1
Necromancy     | |  4.5

Action                     || total
---------------------------++-------
  Melee: Unarmed           ||     4
   Cast: Necrotise         ||     5
 Armour: Robe              ||     2
  Dodge: Dodged            ||     1

Illustrated notes

Table legend:
 A = Kills in this place as a percentage of kills in the entire game.
 B = Kills by you in this place as a percentage of kills by you in the entire game.
 C = Kills by friends in this place as a percentage of kills by friends in the entire game.
 D = Other kills in this place as a percentage of other kills in the entire game.
 E = Experience gained in this place as a percentage of experience gained in the entire game.
 F = Experience gained in this place divided by the number of levels of this place that you have seen.
                   A       B       C       D       E      F
               +-------+-------+-------+-------+-------+----------------------
         Total | 100.0 | 100.0 | 100.0 |   N/A | 100.0 |  11.0
       Dungeon | 100.0 | 100.0 | 100.0 |   N/A | 100.0 |  11.0
               +-------+-------+-------+-------+-------+----------------------

Table legend: (Time is in decaauts)
 A = Elapsed time spent in this place.
 B = Non-inter-level travel time spent in this place.
 C = Inter-level travel time spent in this place.
 D = Time resting spent in this place.
 E = Time spent auto-exploring this place.
 F = Levels seen in this place.
 G = Mean time per level.
                   A        B        C        D        E       F      G
               +--------+--------+--------+--------+--------+-----+--------+
         Total |    106 |    106 |      0 |      0 |     79 |   1 |  106.0 |
       Dungeon |    106 |    106 |      0 |      0 |     79 |   1 |  106.0 |
               +--------+--------+--------+--------+--------+-----+--------+

Top non-repeatable levels by time:
     D:1: 106 daAuts
